 Dungeon Crawl Stone Soup version 0.27.1-3-gb3d3a73c9e (webtiles) character file.

Game seed: 9955255755804641846

96 DearestLeader the Skirmisher (level 4, 0/41 HPs)
             Began as a Gnoll Wanderer on Oct 25, 2021.
             Slain by Crazy Yiuf (15 damage)
             ... on level 2 of the Dungeon.
             The game lasted 00:02:42 (2450 turns).

DearestLeader the Skirmisher (Gnoll Wanderer)       Turns: 2450, Time: 00:02:42

Health: 0/41       AC:  3    Str: 13    XL:     4   Next: 67%
Magic:  5/5        EV: 11    Int: 11    God:
Gold:   56         SH:  0    Dex: 11    Spells: 5/5 levels left

rFire    . . .     SeeInvis .   a - +2 hand axe
rCold    + . .     Faith    .   (no shield)
rNeg     . . .     Spirit   .   i - +0 leather armour
rPois    .         Reflect  .   (no helmet)
rElec    .         Harm     .   (no cloak)
rCorr    .         Rampage  .   (no gloves)
Will     .....                  (no boots)
Stlth    ++........             (no amulet)
HPRegen  0.13/turn              g - ring of protection from cold
MPRegen  0.09/turn              (no ring)

@: no status effects
A: fangs 1, strong nose, distributed training
a: no special abilities


You were on level 2 of the Dungeon.
You visited 1 branch of the dungeon, and saw 2 of its levels.

You collected 56 gold pieces.

Inventory:

Hand Weapons
 a - a +2 hand axe (weapon)
Missiles
 e - 22 poisoned darts (quivered)
Armour
 d - a +0 robe
 i - a +0 leather armour (worn)
Jewellery
 g - a ring of protection from cold (left hand)
Scrolls
 f - a scroll of acquirement {unknown}
 h - 2 scrolls of identify {unknown}
 j - 2 scrolls of teleportation {unknown}
 k - a scroll of vulnerability {unknown}
 n - a scroll of enchant armour {unknown}
Potions
 b - a potion of curing
 c - 3 potions of lignification
 l - a potion of mutation {unknown}
 m - a potion of magic {unknown}


   Skills:
 + Level 6.6 Fighting
 + Level 1.2 Short Blades
 + Level 1.2 Long Blades
 + Level 4.7 Axes
 + Level 1.2 Maces & Flails
 + Level 2.8 Polearms
 + Level 1.2 Staves
 + Level 1.2 Slings
 + Level 1.2 Bows
 + Level 1.2 Crossbows
 + Level 1.2 Throwing
 + Level 4.7 Armour
 + Level 1.2 Dodging
 + Level 2.6 Stealth
 + Level 1.2 Shields
 + Level 1.2 Unarmed Combat
 + Level 1.2 Spellcasting
 + Level 1.0 Conjurations
 + Level 1.0 Hexes
 + Level 1.0 Summonings
 + Level 1.0 Necromancy
 + Level 1.0 Translocations
 + Level 1.0 Transmutations
 + Level 1.0 Fire Magic
 + Level 1.0 Ice Magic
 + Level 1.0 Air Magic
 + Level 1.0 Earth Magic
 + Level 1.0 Poison Magic
 + Level 1.3 Invocations
 + Level 2.8 Evocations


You had 5 spell levels left.
You didn't know any spells.
Your spell library contained the following spells:

 Spells                   Type           Power      Damage    Failure   Level
 Conjure Ball Lightning   Conj/Air       1%         3x3d6     100%        6
 Discord                  Hex            1%         N/A       100%        8
 Disjunction              Tloc           1%         N/A       100%        8


Dungeon Overview and Level Annotations

Branches:
Dungeon (2/15)

Altars:

Annotations:
D:2 Crazy Yiuf


Innate Abilities, Weirdness & Mutations

You have very sharp teeth.
Your uncanny sense of smell can sniff out nearby items.
Your experience applies equally to all skills.


Message History

a +0 short sword; a kobold corpse
Found a stone staircase leading down.
There is a stone staircase leading down here.
Found a stone staircase leading up.
You see here a +0 leather armour.
You open the door.
There is an open door here.
There is an open door here.
You see here a +0 leather armour.
There is an open door here.
There is an open door here.
You see here a +0 short sword.
There is a stone staircase leading down here.
Found a mace.
Found a runed translucent door.
Crazy Yiuf shouts!
You open the door. You hit Crazy Yiuf.
Crazy Yiuf is lightly wounded.
Crazy Yiuf closely misses you.
You hit Crazy Yiuf but do no damage.
Crazy Yiuf is lightly wounded.
Crazy Yiuf screams, "Rifle!"
Crazy Yiuf barely misses you.
You hit Crazy Yiuf.
Crazy Yiuf is moderately wounded.
Crazy Yiuf barely misses you.
You hit Crazy Yiuf. You bite Crazy Yiuf, but do no damage.
Crazy Yiuf is heavily wounded.
Crazy Yiuf hits you with a +2 quarterstaff of chaos!
Crazy Yiuf freezes you.
You hit Crazy Yiuf.
Crazy Yiuf is severely wounded.
Crazy Yiuf hits you with a +2 quarterstaff of chaos!
Crazy Yiuf burns you.
You hit Crazy Yiuf. You bite Crazy Yiuf, but do no damage.
Crazy Yiuf is severely wounded.
Crazy Yiuf says, "Goober!
Hack light verde."
Crazy Yiuf misses you.
Crazy Yiuf hits you with a +2 quarterstaff of chaos!
You die...

.# #..# #... .# #..#
#.## .#####..# #.##
........# ######.##
######.## #......##
#.# ♣♣♣♣♣###<......
#.# ###
♣♣♣.♣....######## #.#
#...#♣..♣.............
#.#
#...g@♣♣♣♣......######
#.# #)..#♣♣ ♣♣....##
#.# ### ♣♣####
######.# .......#
########


You could see Crazy Yiuf.

Vanquished Creatures
  Jessica (D:2)
  2 adders (D:2)
  4 ball pythons
  5 endoplasms
  3 giant cockroaches
  3 goblins
  6 hobgoblins
  6 jackals
  3 quokkas
  4 bats
  2 frilled lizards (D:1)
  6 kobolds (D:2)
  4 rats
49 creatures vanquished.

Notes
Turn   | Place    | Note
-------+----------+-------------------------------------------
     0 | D:1      | DearestLeader the Gnoll Wanderer began the quest for the
                  | Orb.
     0 | D:1      | DearestLeader set off with the following items: a +2 hand
                  | axe, a potion of curing, a potion of lignification, a +0
                  | robe
     0 | D:1      | Reached XP level 1. HP: 23/23 MP: 1/1
    78 | D:1      | Found a faded altar of an unknown god.
   134 | D:1      | Reached XP level 2. HP: 6/29 MP: 2/2
   775 | D:1      | Reached XP level 3. HP: 35/35 MP: 3/3
  1395 | D:2      | Reached skill level 1 in Invocations
  1543 | D:2      | Reached skill level 1 in Short Blades
  1543 | D:2      | Reached skill level 1 in Long Blades
  1543 | D:2      | Reached skill level 1 in Maces & Flails
  1543 | D:2      | Reached skill level 1 in Staves
  1543 | D:2      | Reached skill level 1 in Slings
  1543 | D:2      | Reached skill level 1 in Bows
  1543 | D:2      | Reached skill level 1 in Crossbows
  1543 | D:2      | Reached skill level 1 in Throwing
  1543 | D:2      | Reached skill level 1 in Dodging
  1543 | D:2      | Reached skill level 1 in Shields
  1543 | D:2      | Reached skill level 1 in Unarmed Combat
  1543 | D:2      | Reached skill level 1 in Spellcasting
  1659 | D:2      | Noticed Jessica
  1668 | D:2      | Killed Jessica
  1669 | D:2      | Reached XP level 4. HP: 34/41 MP: 5/5
  1851 | D:2      | Reached skill level 1 in Conjurations
  1851 | D:2      | Reached skill level 1 in Hexes
  1851 | D:2      | Reached skill level 1 in Summonings
  1851 | D:2      | Reached skill level 1 in Necromancy
  1851 | D:2      | Reached skill level 1 in Translocations
  1851 | D:2      | Reached skill level 1 in Transmutations
  1851 | D:2      | Reached skill level 1 in Fire Magic
  1851 | D:2      | Reached skill level 1 in Ice Magic
  1851 | D:2      | Reached skill level 1 in Air Magic
  1851 | D:2      | Reached skill level 1 in Earth Magic
  1851 | D:2      | Reached skill level 1 in Poison Magic
  2300 | D:2      | Found a runed translucent door.
  2301 | D:2      | Noticed Crazy Yiuf
  2450 | D:2      | Slain by Crazy Yiuf

Illustrated notes

Levels and vault maps discovered:
D:1:      dpeg_arrival_long_road, layout_basic, ebering_ecumenical_altar_hall
D:2:      layout_basic, supply_closet_lemuel, uniq_jessica,
          uniq_crazy_yiuf_cottage

Skill      XL: |  1  2  3  4 |
---------------+-------------+-----
Invocations    | 1 |  1.3
Short Blades   | 1 |  1.2
Long Blades    | 1 |  1.2
Maces & Flails | 1 |  1.2
Staves         | 1 |  1.2
Slings         | 1 |  1.2
Bows           | 1 |  1.2
Crossbows      | 1 |  1.2
Throwing       | 1 |  1.2
Dodging        | 1 |  1.2
Shields        | 1 |  1.2
Unarmed Combat | 1 |  1.2
Spellcasting   | 1 |  1.2
Conjurations   | 1 |  1.0
Hexes          | 1 |  1.0
Summonings     | 1 |  1.0
Necromancy     | 1 |  1.0
Translocations | 1 |  1.0
Transmutations | 1 |  1.0
Fire Magic     | 1 |  1.0
Ice Magic      | 1 |  1.0
Air Magic      | 1 |  1.0
Earth Magic    | 1 |  1.0
Poison Magic   | 1 |  1.0
Fighting       | |  6.6
Axes           | |  4.7
Polearms       | |  2.8
Armour         | |  4.7
Stealth        | |  2.6
Evocations     | |  2.8

Action                   |  1- 3 |  4- 6 || total
-------------------------+-------+-------++-------
Melee: Hand axe          |    98 |    20 ||   118
       Bite              |     9 |     2 ||    11
Throw: Dart              |     4 |       ||     4
 Stab: Sleeping          |     2 |       ||     2
Armor: Robe              |     9 |       ||     9
       Leather armour    |    12 |     5 ||    17
Dodge: Dodged            |    60 |     5 ||    65
